TOP OF THE 1ST |
Detroit Tigers batting - Pitching for Baltimore Orioles : RHP Danny Cox
|
Pitching: RHP Danny Cox
|
|
Batting: SHB Lee Mazzilli
|
0-0: Called Strike 0-1: Ball 1-1: Foul Ball, location: 2F 1-2: Foul Ball, location: 2F 1-2: Strikes out looking
|
Batting: RHB Jose Hidalgo
|
0-0: Called Strike 0-1: Called Strike 0-2: Ball 1-2: Strikes out swinging
|
Batting: SHB Tony Phillips
|
0-0: Called Strike 0-1: Ball 1-1: Called Strike 1-2: Fly out, F7 (Flyball, 7LS, EV 75.6 MPH)
|
Top of the 1st over - 0 runs, 0 hits, 0 errors, 0 left on base; Detroit 0 - Baltimore 0 |
BOTTOM OF THE 1ST |
Baltimore Orioles batting - Pitching for Detroit Tigers : RHP Matt Wiseman
|
Pitching: RHP Matt Wiseman
|
|
Batting: SHB Willie McGee
|
0-0: Ground out 4-3 (Groundball, 4, EV 86.9 MPH)
|
Batting: SHB Johnny Ray
|
0-0: Called Strike 0-1: Called Strike 0-2: Ball 1-2: Ball 2-2: Ground out 5-3 (Groundball, 5S, EV 75.6 MPH)
|
Batting: LHB Dave Parker
|
0-0: Ball 1-0: Ball 2-0: Called Strike 2-1: Swinging Strike 2-2: Foul Ball, location: 2F 2-2: Ground out 4-3 (Groundball, 4, EV 90.0 MPH)
|
Bottom of the 1st over - 0 runs, 0 hits, 0 errors, 0 left on base; Detroit 0 - Baltimore 0 |
TOP OF THE 2ND |
Detroit Tigers batting - Pitching for Baltimore Orioles : RHP Danny Cox
|
Batting: RHB Dave Kingman
|
0-0: Called Strike 0-1: Called Strike 0-2: Strikes out looking
|
Batting: RHB Tack Wilson
|
0-0: Foul Ball, location: 2F 0-1: Ground out U3 (Groundball, 34, EV 81.9 MPH)
|
Batting: RHB Rusty Kuntz
|
0-0: Called Strike 0-1: Ball 1-1: Ball 2-1: Ball 3-1: Base on Balls
|
Batting: LHB Dan Graham
|
0-0: Ball 1-0: Swinging Strike 1-1: Foul Ball, location: 2F 1-2: Foul Ball, location: 2F 1-2: Strikes out swinging wild pitch, reaches first! Rusty Kuntz to second
|
Batting: RHB Al Cowens
|
0-0: Ball 1-0: TRIPLE (Flyball, 8RXD, EV 105.0 MPH) Rusty Kuntz scores Dan Graham scores
|
Batting: RHB Mike Sproles
|
0-0: Ball 1-0: Called Strike 1-1: Fly out, F8 (Line Drive, 8LD, EV 95.6 MPH)
|
Top of the 2nd over - 2 runs, 1 hit, 0 errors, 1 left on base; Detroit 2 - Baltimore 0 |
BOTTOM OF THE 2ND |
Baltimore Orioles batting - Pitching for Detroit Tigers : RHP Matt Wiseman
|
Batting: RHB Dwight Evans
|
0-0: Ball 1-0: Ball 2-0: Swinging Strike 2-1: Foul Ball, location: 2F 2-2: DOUBLE (Flyball, 8LXD, EV 103.1 MPH)
|
Batting: LHB Fred Lynn
|
0-0: Ball 1-0: Ball 2-0: Called Strike 2-1: Ground out 1-3 (Groundball, 13S, EV 65.6 MPH) Dwight Evans to third
|
Batting: SHB Steve R Ontiveros
|
0-0: Ball 1-0: Called Strike 1-1: Foul Ball, location: 2F 1-2: Foul Ball, location: 2F 1-2: Ball 2-2: Foul Ball, location: 2F 2-2: Foul Ball, location: 2F 2-2: Strikes out swinging
|
Batting: RHB Matt Rice
|
0-0: Fly out, F8 (Line Drive, 8RD, EV 94.4 MPH)
|
Bottom of the 2nd over - 0 runs, 1 hit, 0 errors, 1 left on base; Detroit 2 - Baltimore 0 |
TOP OF THE 3RD |
Detroit Tigers batting - Pitching for Baltimore Orioles : RHP Danny Cox
|
Batting: SHB Lee Mazzilli
|
0-0: Called Strike 0-1: Foul Ball, location: 2F 0-2: Ball 1-2: Ball 2-2: Strikes out swinging
|
Batting: RHB Jose Hidalgo
|
0-0: Called Strike 0-1: Called Strike 0-2: Strikes out swinging
|
Batting: SHB Tony Phillips
|
0-0: Called Strike 0-1: Swinging Strike 0-2: Ball 1-2: Ball 2-2: Ball 3-2: SINGLE (Line Drive, 8LS, EV 106.3 MPH)
|
Batting: RHB Dave Kingman
|
0-0: Ball Tony Phillips is caught stealing 2nd base 2-4
|
Top of the 3rd over - 0 runs, 1 hit, 0 errors, 0 left on base; Detroit 2 - Baltimore 0 |
BOTTOM OF THE 3RD |
Baltimore Orioles batting - Pitching for Detroit Tigers : RHP Matt Wiseman
|
Batting: RHB Jim Sundberg
|
0-0: Called Strike 0-1: Ball 1-1: Ball 2-1: Foul Ball, location: 2F 2-2: Foul Ball, location: 2F 2-2: Ball 3-2: Base on Balls
|
Batting: RHB Marty G Barrett
|
0-0: Ball 1-0: Ball 2-0: Grounds into double play, 6-4-3 (Groundball, 6, EV 76.9 MPH)
|
Batting: SHB Willie McGee
|
0-0: Ball 1-0: Called Strike 1-1: Swinging Strike 1-2: Strikes out swinging
|
Bottom of the 3rd over - 0 runs, 0 hits, 0 errors, 0 left on base; Detroit 2 - Baltimore 0 |
TOP OF THE 4TH |
Detroit Tigers batting - Pitching for Baltimore Orioles : RHP Danny Cox
|
Batting: RHB Dave Kingman
|
0-0: Called Strike 0-1: Ball 1-1: Foul Ball, location: 2F 1-2: Strikes out swinging
|
Batting: RHB Tack Wilson
|
0-0: Ball 1-0: Swinging Strike 1-1: Ball 2-1: Foul Ball, location: 2F 2-2: SINGLE (Groundball, 34D, EV 95.6 MPH)
|
Batting: RHB Rusty Kuntz
|
0-0: Called Strike Tack Wilson steals 2nd base 0-1: Called Strike 0-2: Ball 1-2: Ball Wild Pitch! Tack Wilson to third 2-2: Foul Ball, location: 2F 2-2: 2-RUN HOME RUN (Flyball, 7D, EV 108.1 MPH), Distance : 390 ft
|
Batting: LHB Dan Graham
|
0-0: Foul Ball, location: 2F 0-1: Called Strike 0-2: Strikes out looking
|
Batting: RHB Al Cowens
|
0-0: Ball 1-0: Foul Ball, location: 2F 1-1: Ball 2-1: Reached on error, E3 (Line Drive, 3, EV 70.0 MPH)
|
Batting: RHB Mike Sproles
|
0-0: Fielders Choice at 2nd, 6-4 (Groundball, 6, EV 91.3 MPH)
|
Top of the 4th over - 2 runs, 2 hits, 1 error, 1 left on base; Detroit 4 - Baltimore 0 |
BOTTOM OF THE 4TH |
Baltimore Orioles batting - Pitching for Detroit Tigers : RHP Matt Wiseman
|
Batting: SHB Johnny Ray
|
0-0: Ball 1-0: Called Strike 1-1: Called Strike 1-2: SINGLE (Line Drive, 56, EV 108.1 MPH)
|
Batting: LHB Dave Parker
|
0-0: Called Strike 0-1: Ball 1-1: Ball 2-1: Fly out, F5 (Popup, 5SF, EV 64.4 MPH)
|
Batting: RHB Dwight Evans
|
0-0: Called Strike 0-1: Ball 1-1: Called Strike 1-2: Foul Ball, location: 2F 1-2: Strikes out looking
|
Batting: LHB Fred Lynn
|
0-0: SINGLE (Groundball, 4MS, EV 87.5 MPH) (infield hit) Johnny Ray to second
|
Batting: SHB Steve R Ontiveros
|
0-0: Called Strike 0-1: Ball 1-1: Swinging Strike 1-2: SINGLE (Groundball, 4D, EV 96.9 MPH) Johnny Ray to third Fred Lynn to second Runner from 3rd tries for Home, SAFE, throw by CF to home
|
Batting: RHB Matt Rice
|
0-0: Ball 1-0: Foul Ball, location: 2F 1-1: Fly out, F8 (Flyball, 8LXD, EV 110.0 MPH)
|
Bottom of the 4th over - 1 run, 3 hits, 0 errors, 2 left on base; Detroit 4 - Baltimore 1 |
TOP OF THE 5TH |
Detroit Tigers batting - Pitching for Baltimore Orioles : RHP Danny Cox
|
Batting: SHB Lee Mazzilli
|
0-0: Swinging Strike 0-1: Swinging Strike 0-2: Strikes out swinging
|
Batting: RHB Jose Hidalgo
|
0-0: Ball 1-0: Called Strike 1-1: Foul Ball, location: 2F 1-2: Strikes out swinging
|
Batting: SHB Tony Phillips
|
0-0: Ball 1-0: Ground out 4-3 (Groundball, 4S, EV 83.1 MPH)
|
Top of the 5th over - 0 runs, 0 hits, 0 errors, 0 left on base; Detroit 4 - Baltimore 1 |
BOTTOM OF THE 5TH |
Baltimore Orioles batting - Pitching for Detroit Tigers : RHP Matt Wiseman
|
Batting: RHB Jim Sundberg
|
0-0: Called Strike 0-1: Ball 1-1: Ball 2-1: Ground out 6-3 (Groundball, 56, EV 100.6 MPH)
|
Batting: RHB Marty G Barrett
|
0-0: Ball 1-0: Fly out, F8 (Flyball, 8LM, EV 96.3 MPH)
|
Batting: SHB Willie McGee
|
0-0: Swinging Strike 0-1: Ball 1-1: Called Strike 1-2: Hit by Pitch
|
Batting: SHB Johnny Ray
|
0-0: Called Strike Willie McGee steals 2nd base (no throw) 0-1: Ball 1-1: Ball 2-1: Ball 3-1: Fly out, F7 (Flyball, 78S, EV 86.9 MPH)
|
Bottom of the 5th over - 0 runs, 0 hits, 0 errors, 1 left on base; Detroit 4 - Baltimore 1 |
TOP OF THE 6TH |
Detroit Tigers batting - Pitching for Baltimore Orioles : RHP Danny Cox
|
Batting: RHB Dave Kingman
|
0-0: Ball 1-0: Ball 2-0: Called Strike 2-1: Reached on error, E3 (Groundball, 34, EV 96.3 MPH)
|
Batting: RHB Tack Wilson
|
0-0: Ground out 6-3 (Groundball, 6, EV 106.9 MPH)
|
Batting: RHB Rusty Kuntz
|
0-0: Ball 1-0: Called Strike 1-1: Ball 2-1: Swinging Strike 2-2: Ball 3-2: Ground out 5-3 (Groundball, 5, EV 110.6 MPH)
|
Batting: LHB Dan Graham
|
0-0: SINGLE (Groundball, 4MD, EV 108.1 MPH) Dave Kingman to third Runner from 3rd tries for Home, SAFE, throw by CF to home
|
Batting: RHB Al Cowens
|
0-0: SINGLE (Groundball, 4MD, EV 96.9 MPH) Dan Graham to second Runner from 2nd tries for 3rd, SAFE, throw by CF made to third
|
Batting: RHB Mike Sproles
|
0-0: SINGLE (Groundball, 6D, EV 107.5 MPH) Dan Graham scores Al Cowens to second Runner from 2nd tries for 3rd, SAFE, throw by LF made to third
|
Batting: SHB Lee Mazzilli
|
0-0: Called Strike 0-1: Foul Ball, location: 2F 0-2: Ball 1-2: Fly out, F9 (Line Drive, 9, EV 96.9 MPH)
|
Top of the 6th over - 2 runs, 3 hits, 1 error, 2 left on base; Detroit 6 - Baltimore 1 |
BOTTOM OF THE 6TH |
Baltimore Orioles batting - Pitching for Detroit Tigers : RHP Matt Wiseman
|
Batting: LHB Dave Parker
|
0-0: Ball 1-0: Fly out, F9 (Flyball, 9LM, EV 88.1 MPH)
|
Batting: RHB Dwight Evans
|
0-0: Ball 1-0: SINGLE (Groundball, 6MD, EV 99.4 MPH)
|
Batting: LHB Fred Lynn
|
0-0: Ball 1-0: DOUBLE (Groundball, 3L, EV 108.1 MPH) Dwight Evans to third Runner from 3rd tries for Home, SAFE, throw by RF to home
|
Batting: SHB Steve R Ontiveros
|
0-0: Swinging Strike 0-1: Fly out, F8 (Flyball, 8LM, EV 90.6 MPH)
|
Batting: RHB Matt Rice
|
0-0: SINGLE (Groundball, 56D, EV 93.8 MPH) Fred Lynn to third Runner from 3rd tries for Home, SAFE, throw by LF to home
|
Batting: RHB Jim Sundberg
|
0-0: Foul Ball, location: 2F 0-1: Ball 1-1: Fielders Choice at 2nd, 5-4 (Groundball, 56, EV 80.0 MPH)
|
Bottom of the 6th over - 2 runs, 3 hits, 0 errors, 1 left on base; Detroit 6 - Baltimore 3 |
TOP OF THE 7TH |
Detroit Tigers batting - Pitching for Baltimore Orioles : RHP Danny Cox
|
Batting: RHB Jose Hidalgo
|
0-0: Ball 1-0: Swinging Strike 1-1: Ball 2-1: Ball 3-1: Ground out 4-3 (Groundball, 34, EV 110.0 MPH)
|
Pitching: RHP John Howell
|
|
Batting: SHB Tony Phillips
|
0-0: Called Strike 0-1: Foul Ball, location: 2F 0-2: Ground out 6-3 (Groundball, 6M, EV 79.4 MPH)
|
Batting: LHB Jerry Tabb
|
0-0: Ball 1-0: Fly out, F4 (Flyball, 4MD, EV 81.3 MPH)
|
Top of the 7th over - 0 runs, 0 hits, 0 errors, 0 left on base; Detroit 6 - Baltimore 3 |
BOTTOM OF THE 7TH |
Baltimore Orioles batting - Pitching for Detroit Tigers : RHP Matt Wiseman
|
Batting: RHB Marty G Barrett
|
0-0: Swinging Strike 0-1: Foul Ball, location: 2F 0-2: Ball 1-2: Foul Ball, location: 2F 1-2: Ball 2-2: Ball 3-2: Ground out 4-3 (Groundball, 4, EV 80.6 MPH)
|
Batting: SHB Willie McGee
|
0-0: Ball 1-0: Ball 2-0: Foul Ball, location: 2F 2-1: Called Strike 2-2: Strikes out looking
|
Batting: SHB Johnny Ray
|
0-0: Called Strike 0-1: Called Strike 0-2: Ground out 5-3 (Groundball, 5, EV 96.3 MPH)
|
Bottom of the 7th over - 0 runs, 0 hits, 0 errors, 0 left on base; Detroit 6 - Baltimore 3 |
TOP OF THE 8TH |
Detroit Tigers batting - Pitching for Baltimore Orioles : RHP John Howell
|
Batting: RHB Tack Wilson
|
0-0: Ball 1-0: Called Strike 1-1: Ball 2-1: Ball 3-1: Base on Balls
|
Batting: RHB Rusty Kuntz
|
0-0: Called Strike 0-1: Foul Ball, location: 2F 0-2: Ball 1-2: Fly out, F9 (Flyball, 9LM, EV 80.6 MPH)
|
Batting: LHB Dan Graham
|
0-0: Foul Ball, location: 2F 0-1: Called Strike 0-2: Strikes out swinging Tack Wilson steals 2nd base Batter strikes out.
|
Batting: RHB Al Cowens
|
0-0: Ground out 6-3 (Groundball, 6MS, EV 85.0 MPH)
|
Top of the 8th over - 0 runs, 0 hits, 0 errors, 1 left on base; Detroit 6 - Baltimore 3 |
BOTTOM OF THE 8TH |
Baltimore Orioles batting - Pitching for Detroit Tigers : RHP Matt Wiseman
|
Batting: LHB Dave Parker
|
0-0: Ball 1-0: Swinging Strike 1-1: Ball 2-1: DOUBLE (Line Drive, 3D, EV 95.0 MPH)
|
Batting: RHB Dwight Evans
|
0-0: Called Strike 0-1: Fly out, F3 (Flyball, 3D, EV 92.5 MPH)
|
Pitching: RHP J R Richard
|
|
Batting: LHB Fred Lynn
|
0-0: Ball 1-0: Ball 2-0: Ground out 5-3 (Groundball, 56S, EV 86.3 MPH)
|
Batting: SHB Steve R Ontiveros
|
0-0: Ball 1-0: Ball 2-0: Ball 3-0: Base on Balls
|
Batting: RHB Matt Rice
|
0-0: Ball 1-0: Foul Ball, location: 2F 1-1: Ball 2-1: Swinging Strike 2-2: Foul Ball, location: 2F 2-2: Foul Ball, location: 2F 2-2: Ball 3-2: Strikes out swinging
|
Bottom of the 8th over - 0 runs, 1 hit, 0 errors, 2 left on base; Detroit 6 - Baltimore 3 |
TOP OF THE 9TH |
Detroit Tigers batting - Pitching for Baltimore Orioles : RHP John Howell
|
Batting: RHB Mike Sproles
|
0-0: Ball 1-0: Called Strike 1-1: SINGLE (Groundball, 56, EV 101.9 MPH) (infield hit)
|
Batting: SHB Lee Mazzilli
|
0-0: Ball 1-0: Swinging Strike 1-1: Ball 2-1: Foul Ball, location: 2F 2-2: Strikes out swinging
|
Batting: RHB Jose Hidalgo
|
Pickoff Throw to First - Error! E1 Mike Sproles to second 0-0: Foul Ball, location: 2F 0-1: Ball 1-1: Swinging Strike 1-2: DOUBLE (Line Drive, 89M, EV 106.9 MPH) Mike Sproles scores
|
Batting: SHB Tony Phillips
|
0-0: Ball Jose Hidalgo is caught stealing 3rd base 2-5 1-0: Foul Ball, location: 2F 1-1: Ball 2-1: Fly out, F4 (Flyball, 34D, EV 88.8 MPH)
|
Top of the 9th over - 1 run, 2 hits, 1 error, 0 left on base; Detroit 7 - Baltimore 3 |
BOTTOM OF THE 9TH |
Baltimore Orioles batting - Pitching for Detroit Tigers : RHP J R Richard
|
Batting: RHB Jim Sundberg
|
0-0: Ball 1-0: Swinging Strike 1-1: Ball 2-1: Foul Ball, location: 2F 2-2: Fly out, F8 (Flyball, 8LS, EV 85.0 MPH)
|
Batting: RHB Marty G Barrett
|
0-0: Ball 1-0: Called Strike 1-1: Called Strike 1-2: Ball 2-2: Foul Ball, location: 2F 2-2: Foul Ball, location: 2F 2-2: Ball 3-2: Strikes out swinging
|
Batting: SHB Willie McGee
|
0-0: Ground out 6-3 (Groundball, 6S, EV 60.0 MPH)
|
Bottom of the 9th over - 0 runs, 0 hits, 0 errors, 0 left on base; Detroit 7 - Baltimore 3 |
|